 Dungeon Crawl Stone Soup version 0.28.0-53-g5a82cb258f (webtiles) character file.

Game seed: 12496956524656754632

1659 olmar the Shield-Bearer (level 8, -4/73 HPs)
             Began as a Deep Dwarf Fighter on Aug 6, 2022.
             Slain by a two-headed ogre
             ... wielding a +0 giant club
              (16 damage)
             ... on level 4 of the Dungeon.
             The game lasted 00:10:57 (3624 turns).

olmar the Shield-Bearer (Deep Dwarf Fighter)        Turns: 3624, Time: 00:10:57

Health: -4/73      AC: 17    Str: 23    XL:     8   Next: 68%
Magic:  7/7        EV:  7    Int:  8    God:
Gold:   814        SH: 10    Dex: 12    Spells: 7/7 levels left

rFire   . . .      SeeInvis .   p - +3 whip
rCold   + . .      Faith    .   c - +0 buckler
rNeg    . . .      Spirit   .   l - +0 plate armour
rPois   .          Reflect  +   d - +0 helmet
rElec   .          Harm     .   k - scarf {shadows}
rCorr   .          Rampage  .   (no gloves)
Will    +....                   (no boots)
Stlth   ..........              g - amulet of reflection
HPRegen 0.00/turn               o - +4 ring of protection
MPRegen 0.10/turn               j - ring of protection from cold

@: no status effects
A: damage resistance, heal wounds, sense surroundings 1, no regeneration
a: Heal Wounds


You were on level 4 of the Dungeon.
You visited 1 branch of the dungeon, and saw 5 of its levels.

You collected 1227 gold pieces.
You spent 413 gold pieces at shops.

Inventory:

Hand Weapons
 a - a +0 war axe
 b - a +0 morningstar
 p - a +3 whip (weapon)
Armour
 c - a +0 buckler (worn)
 d - a +0 helmet (worn)
 h - a +0 chain mail
 k - a scarf of shadows (worn)
 l - a +0 plate armour (worn)
 t - a +0 cloak
Jewellery
 g - an amulet of reflection (around neck)
 j - a ring of protection from cold (right hand)
 o - a +4 ring of protection (left hand)
 r - an amulet of guardian spirit
Wands
 v - a wand of flame (11)
Scrolls
 f - a scroll of identify
 m - a scroll of immolation
Potions
 e - 3 potions of heal wounds
 i - a potion of cancellation
 n - 2 potions of mutation
 s - 6 potions of curing


   Skills:
 + Level 4.6 Fighting
 + Level 5.0(6.6) Axes
 + Level 6.1(6.8) Maces & Flails
 + Level 5.5 Armour
 + Level 2.0 Dodging
 + Level 0.2 Stealth
 + Level 6.4 Shields
 + Level 1.1 Evocations


You had 7 spell levels left.
You didn't know any spells.
Your spell library contained the following spells:

 Spells                   Type           Power      Damage    Failure   Level
 Freeze                   Ice            0%         1d3       100%        1
 Magic Dart               Conj           0%         1d3       100%        1
 Call Imp                 Summ           0%         N/A       100%        2
 Frozen Ramparts          Ice            0%         1d2       100%        3
 Mephitic Cloud           Conj/Pois/Air  0%         N/A       100%        3
 Hailstorm                Conj/Ice       0%         3d3       100%        4


Dungeon Overview and Level Annotations

Branches:
Dungeon (5/15)
 Temple: D:4-7

Altars:

Shops:
D:3 !(*!(


Innate Abilities, Weirdness & Mutations

You are resistant to damage.
You can heal yourself by infusing magical energy.
You passively map a small area around you.
You do not regenerate.


Message History

There is a stone staircase leading up here.
You climb upwards.
There is a stone staircase leading down here.
There is an entrance to Kostradenn's Weapon Shop here.
Search for what [Enter for "shop", or ? for help]?
There is an entrance to Ylenkem's Distillery here.
s - 5 potions of curing (gained 1);
e - a potion of heal wounds
i - a potion of cancellation;
s - 6 potions of curing (gained 1)
e - 3 potions of heal wounds (gained 2) Thank you for shopping at Ylenkem's Distillery!
Search for what [Enter for "shop", or ? for help]?
There is an abandoned shop here.
There is an entrance to Hirifoej's Assorted Antiques here.
There is an abandoned shop here.
Search for what [Enter for "shop", or ? for help]?
There is an open door here.
There is an entrance to Zuxu's Antique Weapon Boutique here.
(D) Dungeon
Where to? (Enter - D:3 @ (x,y), ? - help)
There is a stone staircase leading down here.
You climb downwards.
There is a stone staircase leading up here.
Done exploring.
(D) Dungeon
Where to? (Enter - D:4, ? - help)
There is a stone staircase leading down here.
You climb downwards.
There is a stone staircase leading up here.
A two-headed ogre is nearby!
Unknown command.
You block the two-headed ogre's attack.
The two-headed ogre hits you with a +0 giant spiked club!!
* * * LOW HITPOINT WARNING * * *
You climb upwards.
There is a stone staircase leading down here.
Unknown command.
Unknown command.
You fail to use your ability.
The two-headed ogre hits you with a +0 giant club!!
You die...

#......# ###.............
#......# ###.######.... #......#
#.## ##... #####.## #..#### #...
##### #..### ##....# #... ....###
##<..## ##...###...
...)))#########..# #.........
...)#))..........#######.........
##)##########.).@................
##....## #....O....##.........
....#..# #.....######.........
....##.# #......## #.........
....##.## #...#...## #.........
.....#..### ######...# #.#.......
......#...##### #...###.........
..............######[.##.........
######.##.......####........>....


You could see a two-headed ogre.

Vanquished Creatures
  Pikel (D:5)
  Sigmund (D:4)
  Menkaure (D:4)
  An ice beast (D:4)
  A sky beast (D:5)
  A phantom (D:5)
  A lemure (D:5)
  A scorpion (D:4)
  A wyvern skeleton (D:3)
  A water moccasin skeleton (D:5)
  2 orc priests (D:3)
  Jessica (D:2)
  Terence (D:2)
  2 iguanas
  4 orc wizards
  A hound skeleton (D:4)
  Robin (D:4)
  7 adders
  4 gnolls
  An ufetubus (D:4)
  An adder skeleton (D:4)
  4 worms
  6 dart slugs
  16 orcs
  6 ball pythons
  3 bats
  8 endoplasms
  2 giant cockroaches
  13 goblins
  9 hobgoblins
  3 jackals (D:4)
  8 kobolds
  3 quokkas
  5 frilled lizards
  7 rats
128 creatures vanquished.

Notes
Turn   | Place    | Note
-------+----------+-------------------------------------------
     0 | D:1      | olmar the Deep Dwarf Fighter began the quest for the Orb.
     0 | D:1      | Reached XP level 1. HP: 20/20 MP: 1/1
    88 | D:1      | Reached XP level 2. HP: 27/27 MP: 2/2
   302 | D:1      | Found a faded altar of an unknown god.
   339 | D:1      | Reached XP level 3. HP: 21/34 MP: 3/3
   979 | D:2      | Gained mutation: You are frail. (-10% HP) [potion of
                  | mutation]
   979 | D:2      | Lost mutation: You are frail. (-10% HP) [potion of
                  | mutation]
  1042 | D:2      | Reached XP level 4. HP: 42/42 MP: 4/4
  1070 | D:2      | Noticed Terence
  1072 | D:2      | Killed Terence
  1073 | D:2      | Reached skill level 1 in Dodging
  1445 | D:2      | Noticed Jessica
  1447 | D:2      | Killed Jessica
  1448 | D:2      | Reached XP level 5. HP: 42/49 MP: 5/5
  1905 | D:3      | Found Ylenkem's Distillery.
  1914 | D:3      | Bought a potion of heal wounds for 55 gold pieces
  1948 | D:3      | Found Kostradenn's Weapon Shop.
  2005 | D:3      | Reached skill level 5 in Axes
  2005 | D:3      | Reached skill level 1 in Maces & Flails
  2005 | D:3      | Reached XP level 6. HP: 56/56 MP: 6/6
  2124 | D:3      | Found Zuxu's Antique Weapon Boutique.
  2192 | D:3      | Found Fesehi's Distillery.
  2211 | D:3      | Bought a potion of curing for 39 gold pieces
  2363 | D:3      | Found Hirifoej's Assorted Antiques.
  2543 | D:4      | Noticed an ice beast
  2556 | D:4      | Killed an ice beast
  2615 | D:4      | Reached XP level 7. HP: 36/63 MP: 7/7
  2652 | D:4      | Noticed Robin
  2673 | D:4      | Noticed Sigmund
  2680 | D:4      | Killed Sigmund
  2694 | D:4      | Killed Robin
  2782 | D:4      | Reached skill level 5 in Shields
  2918 | D:4      | Noticed Menkaure
  2928 | D:4      | Killed Menkaure
  2983 | D:4      | Reached skill level 5 in Armour
  3094 | D:5      | Entered Level 5 of the Dungeon
  3140 | D:5      | Noticed Pikel
  3171 | D:5      | Killed Pikel
  3172 | D:5      | Reached skill level 5 in Maces & Flails
  3172 | D:5      | Reached skill level 1 in Evocations
  3172 | D:5      | Reached XP level 8. HP: 36/73 MP: 8/8
  3301 | D:5      | Noticed a two-headed ogre
  3302 | D:5      | Identified a scroll of acquirement
  3516 | D:4      | Acquired 1011 gold pieces
  3554 | D:3      | Bought a potion of curing for 33 gold pieces
  3554 | D:3      | Bought a potion of heal wounds for 55 gold pieces
  3554 | D:3      | Bought a potion of cancellation for 88 gold pieces
  3554 | D:3      | Bought a potion of curing for 33 gold pieces
  3554 | D:3      | Bought 2 potions of heal wounds for 110 gold pieces
  3624 | D:4      | Slain by a two-headed ogre

Illustrated notes

Levels and vault maps discovered:
D:1:      shiori_arrival_elements, layout_basic,
          hellmonk_ecumenical_altar_run_dry
D:2:      layout_loops_cross, palyth_stone_intersect, uniq_jessica, uniq_terence
D:3:      layout_basic, serial_shops, nicolae_shop_crystal,
          nicolae_shop_crystal, nicolae_shop_competitors_out_of_business,
          nicolae_shop_crystal, shop
D:4:      layout_rooms, uniq_menkaure, uniq_robin, uniq_sigmund
D:5:      layout_basic, serial_glass, glass_columns_c, glass_columns_c,
          uniq_pikel

Skill      XL: |  1  2  3  4  5  6  7  8 |
---------------+-------------------------+-----
Fighting       | 3 4 |  4.6
Axes           | 3 4 5 |  5.0
Dodging        | 1 2 |  2.0
Armour         | 4 5 |  5.5
Maces & Flails | 1 3 5 6 |  6.1
Shields        | 4 6 |  6.4
Evocations     | 1 |  1.1
Stealth        | |  0.2

Action                   |  1- 3 |  4- 6 |  7- 9 || total
-------------------------+-------+-------+-------++-------
Melee: War axe           |    89 |    26 |       ||   115
       Whip              |       |   174 |   225 ||   399
 Abil: Heal Wounds       |     1 |     1 |     2 ||     4
Evoke: Wand              |       |       |     5 ||     5
  Use: Potion            |     1 |     2 |     4 ||     7
       Scroll            |       |     1 |     4 ||     5
Armor: Scale mail        |    28 |       |       ||    28
       Chain mail        |     8 |     3 |       ||    11
       Plate armour      |       |    89 |    82 ||   171
Dodge: Dodged            |    44 |    42 |    38 ||   124
Block: Buckler           |    21 |    68 |    72 ||   161
       Reflection        |       |     1 |     1 ||     2
